[Event "Team 45 45 League T34"]
[Site "Internet Chess Club"]
[Date "2007.07.28"]
[Round "2"]
[White "Checkmates"]
[Black "k009ris"]
[Result "1-0"]
[WhiteElo "2326"]
[BlackElo "2278"]
[Opening "Old Benoni defense"]
[ECO "A44"]
[Time "21:18:08"]
[TimeControl "2700+45"]

1. d4 c5 2. d5 e5 3. c4 d6 4. e4 a6 5. Bd3 Be7 6. Nf3 Bg4 7. Nbd2 Nd7 8. O-O Nh6
9. h3 Bh5 10. a4 O-O 11. Re1 b6 12. g4 Nxg4 13. hxg4 Bxg4 14. Nf1 Nf6 15. Ne3
Qd7 16. Nxg4 Qxg4+ 17. Kh1 b5 18. Nh2 Qh4 19. Qf3 bxc4 20. Bxc4 Nh5 21. Qg4 Qxf2
22. Rg1 g6 23. Bh6 Ng7 24. Rg2 Qd4 25. Rc1 f5 26. exf5 Rxf5 27. Qxd4 exd4 28.
Re1 Bf6 29. Ng4 Bh4 30. Bxg7 Kxg7 31. Re6 Rd8 32. Bxa6 Rxd5 33. Bd3 Rb8 34. Be4
Rh5 35. Rh2 Bg5 36. a5 Rxh2+ 37. Nxh2 Rxb2 38. a6 Ra2 39. Rxd6 Bf4 40. Rd7+ Kf6
41. a7 Rxh2+ 42. Kg1 Ra2 43. a8=Q Rxa8 44. Bxa8 h5 45. Kg2 g5 46. Kf3 h4 47. Kg4
Be3 48. Bd5 d3 49. Bc4 d2 50. Rd5 Bd4 51. Rf5+ Ke7 52. Be2 c4 53. Rxg5 Kd6 54.
Rf5 c3 55. Bd1 Be5 56. Bb3 Bg3 57. Rh5 Kc6 58. Kf3 {Black resigns} 1-0

[Event "Team 45 45 League T34"]
[Site "Internet Chess Club"]
[Date "2007.07.28"]
[Round "2"]
[White "jorobo"]
[Black "fozzy"]
[Result "1/2-1/2"]
[WhiteElo "2137"]
[BlackElo "2219"]
[Opening "English: symmetrical variation"]
[ECO "A35"]
[Time "23:05:24"]
[TimeControl "2700+45"]

1. c4 c5 2. Nc3 Nc6 3. Nf3 g6 4. e3 Bg7 5. d4 cxd4 6. exd4 Nf6 7. d5 Nb8 8. Be2
O-O 9. O-O d6 10. h3 Nbd7 11. Re1 Re8 12. Be3 b6 13. Bd4 Bb7 14. Bf1 Rc8 15. Rc1
Ba6 16. b3 Nf8 17. Rc2 e5 18. dxe6 Nxe6 19. Be3 Rc7 20. Rd2 Rd7 21. Nd5 Nxd5 22.
cxd5 Nc7 23. Bxa6 Nxa6 24. Nd4 Qa8 25. Nb5 Nc7 26. Nxc7 Rxc7 27. Bd4 Rce7 28.
Rxe7 Rxe7 29. Bxg7 Qe8 30. Qf3 Re1+ 31. Kh2 Kxg7 32. Qc3+ Qe5+ 33. Qxe5+ Rxe5
34. f4 Re3 35. Kg1 Re4 36. g3 Kf6 37. Kf2 h5 38. Kf3 Re1 39. Rd3 Rc1 40. a4 Kf5
41. g4+ Kf6 42. Ke4 hxg4 43. hxg4 g5 44. Rf3 Re1+ 45. Kd4 Kg6 46. fxg5 Rd1+ 47.
Kc4 Rc1+ 48. Kd4 Rd1+ 49. Kc4 Rc1+ 50. Kd4 {Game drawn by mutual agreement}
1/2-1/2

[Event "Team 45 45 League T34"]
[Site "Internet Chess Club"]
[Date "2007.07.27"]
[Round "2"]
[White "samikd"]
[Black "KingDestroyer"]
[Result "0-1"]
[WhiteElo "2026"]
[BlackElo "2247"]
[Opening "Richter-Veresov attack, Richter variation"]
[ECO "D01"]
[Time "15:16:26"]
[TimeControl "2700+45"]

1. d4 Nf6 2. Nc3 d5 3. Bg5 Bf5 4. f3 Bg6 5. e3 c6 6. Bd3 Nbd7 7. Nge2 e6 8. e4
dxe4 9. fxe4 Qb6 10. Qd2 c5 11. d5 O-O-O 12. O-O-O Ne5 13. Ng3 Be7 14. Qf4 h6
15. Qxe5 Ng4 16. Na4 Qa5 17. Bd2 Qxa4 18. Qf4 Qxa2 19. c4 Ne5 20. Qf1 exd5 21.
Nf5 Bf6 22. Bb1 Nd3+ 23. Kc2 Qxc4+ 24. Bc3 dxe4 25. Ne3 Qa4+ 26. b3 Nb4+ 27.
Bxb4 Qxb4 28. Nd5 e3+ {White resigns} 0-1

[Event "Team 45 45 League T34"]
[Site "Internet Chess Club"]
[Date "2007.07.29"]
[Round "2"]
[White "OOOoooOOO"]
[Black "Holzschlange"]
[Result "1-0"]
[WhiteElo "2113"]
[BlackElo "1943"]
[Opening "Benoni: Taimanov variation"]
[ECO "A67"]
[Time "22:29:29"]
[TimeControl "2700+45"]

1. d4 Nf6 2. c4 c5 3. d5 e6 4. Nc3 exd5 5. cxd5 d6 6. e4 g6 7. f4 Bg7 8. Bb5+
Nbd7 9. e5 dxe5 10. fxe5 Nh5 11. e6 fxe6 12. dxe6 Qh4+ 13. g3 Nxg3 14. hxg3 Qxh1
15. exd7+ Bxd7 16. Qxd7+ Kf8 17. Qd6+ Kf7 18. Bc4+ Ke8 19. Qe6+ Kd8 20. Bg5+ Kc7
21. Nb5+ {Black resigns} 1-0

[Event "Team 45 45 League T34"]
[Site "Internet Chess Club"]
[Date "2007.07.27"]
[Round "2"]
[White "touchthis"]
[Black "Duguesclin"]
[Result "1-0"]
[WhiteElo "1756"]
[BlackElo "1679"]
[Opening "French: Winawer, classical variation"]
[ECO "C18"]
[Time "13:01:52"]
[TimeControl "2700+45"]

1. e4 e6 2. d4 d5 3. Nc3 Bb4 4. e5 c5 5. a3 Bxc3+ 6. bxc3 Qc7 7. Nf3 Ne7 8. Bd3
Nbc6 9. O-O h6 10. a4 O-O 11. Re1 cxd4 12. cxd4 Bd7 13. Ba3 Rfc8 14. Bd6 Qd8 15.
Qd2 b6 16. Ba6 Nf5 17. Bxc8 Rxc8 18. Ra3 Na5 19. Rc3 Nc4 20. Qf4 g5 21. Qg4
Nfxd6 22. exd6 f5 23. Qh5 Kg7 24. Ne5 Be8 25. Qe2 Nxd6 26. Rxc8 Qxc8 27. Nd3 Kf7
28. Qe5 Nc4 29. Qh8 Kg6 30. Qg8+ Kf6 31. Qf8+ Kg6 32. Ne5+ Kh5 33. Nf7 Kg6 34.
Nh8+ Kh7 35. Nf7 Kg6 36. Nxh6 Qd7 37. Ng8 g4 38. Qf6+ Kh7 39. Ne7 Qxa4 40. Qxe6
Qd7 41. Qg8+ Kh6 42. Re6+ Kh5 43. Qh7+ Kg5 44. Qxf5+ {Black resigns} 1-0

[Event "Team 45 45 League T34"]
[Site "Internet Chess Club"]
[Date "2007.07.27"]
[Round "2"]
[White "JeCrainsDegun"]
[Black "sean98"]
[Result "1/2-1/2"]
[WhiteElo "1608"]
[BlackElo "1575"]
[Opening "Sicilian: closed"]
[ECO "B23"]
[Time "14:30:10"]
[TimeControl "2700+45"]

1. e4 c5 2. Nc3 d6 3. g3 Nf6 4. Bg2 Nc6 5. d3 e5 6. h3 Be7 7. f4 g6 8. Nf3 Nh5
9. Ne2 b5 10. Be3 Rb8 11. fxe5 Nxe5 12. Bf2 O-O 13. O-O Nxf3+ 14. Bxf3 Bxh3 15.
Bg2 Bxg2 16. Kxg2 f5 17. Qd2 Bf6 18. Rab1 Bg7 19. Nc3 f4 20. Be1 Bh6 21. Qe2
Nxg3 22. Bxg3 fxg3 23. Rxf8+ Bxf8 24. Qg4 {Game drawn by mutual agreement}
1/2-1/2

[Event "Team 45 45 League T34"]
[Site "Internet Chess Club"]
[Date "2007.07.28"]
[Round "2"]
[White "kingphisch"]
[Black "upknights"]
[Result "1/2-1/2"]
[WhiteElo "1555"]
[BlackElo "1435"]
[Opening "Robatsch (modern) defense"]
[ECO "B06"]
[Time "12:31:11"]
[TimeControl "2700+45"]

1. e4 g6 2. d4 d6 3. Nf3 Bg4 4. Bc4 e6 5. h3 Bxf3 6. Qxf3 Bg7 7. Be3 Ne7 8. Nc3
O-O 9. O-O Nbc6 10. Rad1 Na5 11. Bd3 Nec6 12. Ne2 Nb4 13. c3 Nxd3 14. Rxd3 Nc4
15. Bc1 e5 16. b3 Na5 17. dxe5 Bxe5 18. Bf4 Re8 19. Bxe5 Rxe5 20. Ng3 Qe7 21.
Rd5 Rxd5 22. exd5 Re8 23. Qd3 c5 24. dxc6 Nxc6 25. Kh1 Ne5 26. Qd5 Qc7 27. Ne4
Re6 28. c4 Qc6 29. f4 Nxc4 30. Qxc6 bxc6 31. Ng5 Nd2 32. Nxe6 Nxf1 33. Nd8 c5
34. Nc6 Nd2 35. Ne7+ Kf8 36. Nd5 f5 37. Nf6 Kg7 38. Nd7 Ne4 39. Nb8 d5 40. Nc6
d4 41. Ne5 Kf6 42. Nd3 Ke6 43. Kg1 Kd5 44. Kf1 c4 45. bxc4+ Kxc4 46. Ke2 Kc3 47.
g4 Ng3+ 48. Kf3 Kxd3 49. Kxg3 fxg4 50. hxg4 Ke2 51. f5 gxf5 52. gxf5 d3 53. f6
d2 54. f7 d1=Q 55. f8=Q Qg1+ 56. Kh4 Qf2+ 57. Qxf2+ Kxf2 58. Kh5 a5 59. Kh6 a4
60. Kxh7 a3 61. Kg6 Ke2 62. Kf5 Kd2 63. Ke4 Kc2 64. Ke3 Kb2 65. Kd2 Kxa2 66. Kc1
Ka1 67. Kc2 a2 68. Kc1 {Black stalemated} 1/2-1/2

[Event "Team 45 45 League T34"]
[Site "Internet Chess Club"]
[Date "2007.07.29"]
[Round "2"]
[White "Budzo"]
[Black "BartL"]
[Result "0-1"]
[WhiteElo "1806"]
[BlackElo "1731"]
[Opening "QGD semi-Slav: Stoltz variation"]
[ECO "D45"]
[Time "10:07:49"]
[TimeControl "2700+45"]

1. Nf3 d5 2. d4 Nf6 3. c4 c6 4. Nc3 e6 5. e3 Nbd7 6. Qc2 Bd6 7. Bd3 O-O 8. O-O
dxc4 9. Bxc4 a6 10. e4 e5 11. Be3 b5 12. Be2 Bb7 13. Rfd1 Qe7 14. a3 Ng4 15. Bg5
f6 16. dxe5 Ndxe5 17. Nxe5 Nxe5 18. Be3 Rfd8 19. Rac1 c5 20. Nd5 Bxd5 21. Rxd5
c4 22. Rcd1 Bc7 23. Rxd8+ Rxd8 24. Rxd8+ Qxd8 25. b3 cxb3 26. Qxb3+ Kf8 27. Bc5+
Bd6 28. Qd5 Nf7 29. Bxd6+ Qxd6 30. Qa8+ Nd8 31. Qd5 Qxd5 32. exd5 Ke7 33. a4
bxa4 34. Bxa6 Kd6 35. Bc4 Nb7 36. Kf1 Na5 37. Ba2 Nb3 38. Ke1 Kxd5 39. Kd1 Kd4
40. Kc2 Kc4 41. h3 Kb4 42. g3 g5 43. h4 h6 44. hxg5 hxg5 45. g4 Kc4 46. Kb2 Kd4
47. Ka3 Nc5 48. Bb1 Ne4 49. f3 Nd2 50. Bf5 Ke5 51. Kxa4 Nxf3 52. Kb4 Kf4 53. Kc3
Ne5 {White resigns} 0-1

[Event "Team 45 45 League T34"]
[Site "Internet Chess Club"]
[Date "2007.07.29"]
[Round "2"]
[White "HKNIGHT"]
[Black "jks2000"]
[Result "1/2-1/2"]
[WhiteElo "1684"]
[BlackElo "1666"]
[Opening "Queen's pawn"]
[ECO "A40"]
[Time "19:32:38"]
[TimeControl "2700+45"]

1. d4 e6 2. e3 f5 3. f4 Nf6 4. Nf3 d5 5. Nbd2 Be7 6. Be2 c6 7. Ne5 Bd7 8. a3 O-O
9. O-O Be8 10. c4 Nbd7 11. c5 Qc7 12. b4 Ne4 13. Nxe4 fxe4 14. Bd2 Nf6 15. Be1
Bf7 16. g4 Kh8 17. Kh1 Bd8 18. g5 Nd7 19. h4 Nxe5 20. fxe5 Qe7 21. Bg3 a5 22.
Bg4 b5 23. Ra2 a4 24. Raf2 Bc7 25. Qe2 Bg8 26. Rf4 Rf7 27. Rxf7 Bxf7 28. Rf4 g6
29. Qf2 Rf8 30. Rf6 Kg7 31. Qe2 Qe8 32. Rf2 Bd8 33. Bf4 Kg8 34. Rh2 Kg7 35. h5
Bc7 36. hxg6 Bxg6 37. Bh5 Bd8 38. Bxg6 hxg6 39. Rh6 Rh8 40. Qh2 Qg8 41. Qh3 Rxh6
42. Qxh6+ Kf7 43. Kg2 Qg7 44. Qh3 Qg8 45. Kg3 Qg7 46. Kg4 Qg8 47. Qh6 Qg7 48.
Kh4 Qg8 49. Kg3 Be7 50. Kg4 Qg7 51. Qh4 Qg8 52. Qh2 Qg7 53. Qh6 Qg8 54. Kg3 Qg7
{Game drawn by mutual agreement} 1/2-1/2

[Event "Team 45 45 League T34"]
[Site "Internet Chess Club"]
[Date "2007.07.27"]
[Round "2"]
[White "Mutaant"]
[Black "Queen"]
[Result "1-0"]
[WhiteElo "1478"]
[BlackElo "1734"]
[Opening "Sicilian: closed"]
[ECO "B23"]
[Time "15:23:40"]
[TimeControl "2700+45"]

1. e4 c5 2. Nc3 a6 3. d4 cxd4 4. Qxd4 Nc6 5. Qd1 e5 6. Bc4 Nf6 7. Bg5 Be7 8. Qf3
Nd4 9. Qd3 O-O 10. Nge2 b5 11. Bb3 Nxb3 12. cxb3 Bb7 13. O-O Bxe4 14. Nxe4 Nxe4
15. Bxe7 Nxf2 16. Rxf2 Qxe7 17. Rd1 Rfd8 18. Nc3 d6 19. Nd5 Qg5 20. Rf5 Qg4 21.
Rdf1 Rd7 22. Nb6 e4 23. Qd5 Rdd8 24. Qxf7+ Kh8 25. Nxa8 Rxa8 26. Qf8+ Rxf8
{Black resigns} 1-0

[Event "Team 45 45 League T34"]
[Site "Internet Chess Club"]
[Date "2007.07.28"]
[Round "2"]
[White "scottrugby"]
[Black "Kasparklunk"]
[Result "0-1"]
[WhiteElo "1438"]
[BlackElo "1480"]
[Opening "Scandinavian (center counter) defense"]
[ECO "B01"]
[Time "22:45:50"]
[TimeControl "2700+45"]

1. e4 d5 2. exd5 Qxd5 3. Nc3 Qa5 4. d4 Nf6 5. Nf3 Bg4 6. Be2 c6 7. h3 Bh5 8. Bd3
Nbd7 9. g4 Bg6 10. Bxg6 hxg6 11. g5 Nd5 12. Bd2 e6 13. a3 Be7 14. Qe2 Nxc3 15.
Bxc3 Qd8 16. O-O-O Bxg5+ 17. Nxg5 Qxg5+ 18. Qe3 Qxe3+ 19. fxe3 Nf6 20. Bb4 Nd5
21. Bd2 O-O-O 22. e4 Nf6 23. Bg5 Rd7 24. e5 Nd5 25. c4 Ne7 26. h4 Nf5 27. d5
exd5 28. cxd5 Rxd5 29. Rxd5 cxd5 30. Rd1 d4 31. Kc2 Kd7 32. Re1 Ke6 33. Kd3 Rc8
34. Re4 Rc5 35. Bf4 b6 36. Re2 Nxh4 37. Kxd4 Rd5+ 38. Kc4 Nf5 39. Kc3 a6 40. a4
Rd4 41. Be3 Rxa4 42. Bxb6 Rg4 43. b3 Rg3+ 44. Kb2 Rd3 45. Ka3 Rd5 46. Bc7 Nd4
47. Re4 Nb5+ 48. Ka4 Nxc7 49. Rc4 Kd7 {White resigns} 0-1

[Event "Team 45 45 League T34"]
[Site "Internet Chess Club"]
[Date "2007.08.04"]
[Round "2"]
[White "Chess2Play"]
[Black "AntonioMendonca"]
[Result "1-0"]
[WhiteElo "1667"]
[BlackElo "1604"]
[Opening "King's Indian: Zinnowitz variation"]
[ECO "E90"]
[Time "19:57:45"]
[TimeControl "2700+45"]

1. d4 Nf6 2. c4 d6 3. Nf3 g6 4. Nc3 Bg7 5. e4 O-O 6. Bg5 h6 7. Bxf6 Bxf6 8. e5
dxe5 9. dxe5 Bg7 10. Qxd8 Rxd8 11. Rd1 Rxd1+ 12. Kxd1 c6 13. Be2 Be6 14. Nd4
Bxe5 15. Nxe6 fxe6 16. Kc2 Nd7 17. Rd1 Nf6 18. h3 h5 19. g4 hxg4 20. hxg4 Kf7
21. Bf3 Ke8 22. Ne4 Nxe4 23. Bxe4 g5 24. f3 Rd8 25. Bg6+ Kf8 26. Rxd8+ Kg7 27.
Be4 Kf6 28. Rd7 Bd6 29. Rxb7 Ke5 30. Rxa7 Bc5 31. Rc7 {Black resigns} 1-0

[Event "Team 45 45 League T34"]
[Site "Internet Chess Club"]
[Date "2007.07.28"]
[Round "2"]
[White "stakastra"]
[Black "Toalla"]
[Result "0-1"]
[WhiteElo "1564"]
[BlackElo "1378"]
[Opening "Robatsch (modern) defense"]
[ECO "B07"]
[Time "11:02:16"]
[TimeControl "2700+45"]

1. e4 d6 2. Nc3 g6 3. d4 Bg7 4. Be3 c6 5. Bd3 Nf6 6. Nge2 O-O 7. O-O Re8 8. h3
b5 9. Ng3 Bb7 10. f4 Nbd7 11. f5 e5 12. fxg6 fxg6 13. Qd2 exd4 14. Bxd4 Ne5 15.
Be3 b4 16. Nce2 c5 17. Bg5 Nxd3 18. cxd3 Rf8 19. Rab1 Qe8 20. a3 a5 21. Rbe1 Qd7
22. Nf4 Rae8 23. Bxf6 Bxf6 24. Nd5 Bd4+ 25. Kh1 Bxd5 26. exd5 Rxe1 27. Qxe1
Rxf1+ 28. Qxf1 Qf7 29. Qe2 Kf8 30. Ne4 Qxd5 31. Qf3+ Ke7 32. axb4 axb4 33. Qe2
Qe5 34. b3 d5 35. Ng3 Qxe2 36. Nxe2 Be5 37. Kg1 Kd6 38. Kf1 c4 39. dxc4 dxc4 40.
bxc4 Kc5 41. Ke1 Kxc4 42. Kd1 Kd3 43. Nc1+ Ke3 44. Kc2 Bd6 45. Nd3 h5 46. Nc1
Kf2 47. g4 hxg4 48. hxg4 Kf3 49. g5 Kg4 50. Ne2 Kxg5 51. Nd4 {White resigns} 0-1

[Event "Team 45 45 League T34"]
[Site "Internet Chess Club"]
[Date "2007.07.27"]
[Round "2"]
[White "walleye"]
[Black "AlekLondon"]
[Result "1-0"]
[WhiteElo "1475"]
[BlackElo "1424"]
[Opening "Old Benoni defense"]
[ECO "A43"]
[Time "17:36:36"]
[TimeControl "2700+45"]

1. d4 c5 2. dxc5 e5 3. e4 Bxc5 4. Qg4 Qf6 5. Nf3 h6 6. Bc4 Ne7 7. Qg3 d6 8. Nc3
Bb4 9. Bd2 Bxc3 10. Bxc3 Nbc6 11. O-O-O O-O 12. Rd3 Ng6 13. Rhd1 Rd8 14. Ne1 Nf4
15. R3d2 a6 16. Nd3 b5 17. Nxf4 Qxf4 18. Qxf4 exf4 19. Bf1 Be6 20. Rxd6 b4 21.
Rxd8+ Rxd8 22. Rxd8+ Nxd8 23. Bxb4 Bxa2 24. Bxa6 Nc6 25. Bc3 Be6 26. f3 g6 27.
Kd2 Kf8 28. Kd3 Ke7 29. Bc4 Bc8 30. Bd5 Ba6+ 31. Kd2 f6 32. Bxc6 Bf1 33. b4 Bxg2
34. Ke2 Kd6 35. Bd5 f5 36. Bd2 fxe4 37. Bxe4 g5 38. c4 Bh3 39. c5+ Kc7 40. b5
Bd7 41. Ba5+ Kb8 42. c6 Bc8 43. b6 Be6 44. c7+ Kc8 45. b7+ {Black resigns} 1-0

[Event "Team 45 45 League T34"]
[Site "Internet Chess Club"]
[Date "2007.07.27"]
[Round "2"]
[White "vollmerj"]
[Black "Creb"]
[Result "0-1"]
[WhiteElo "1638"]
[BlackElo "1772"]
[Opening "French: Steinitz variation"]
[ECO "C11"]
[Time "19:04:13"]
[TimeControl "2700+45"]

1. e4 e6 2. d4 d5 3. Nc3 Nf6 4. e5 Nfd7 5. Nf3 c5 6. Bg5 Be7 7. Bxe7 Qxe7 8. Bb5
O-O 9. O-O a6 10. Bxd7 Nxd7 11. dxc5 Qxc5 12. Re1 b5 13. Qd4 Qe7 14. a4 b4 15.
Na2 a5 16. c3 bxc3 17. Nxc3 Nc5 18. Ra3 Ba6 19. Nb5 Bxb5 20. axb5 Rfb8 21. Rc1
Ne4 22. b6 Ra6 23. Rc7 Qd8 24. Ra7 Raxb6 25. R3xa5 Rxb2 26. g3 Rxf2 27. Qxf2
Nxf2 28. Kxf2 g6 29. Kg2 Kg7 30. Nd4 Qg5 31. Ra2 Qxe5 32. Nc6 Qe4+ 33. Kh3 Rc8
34. R7a4 Qf5+ 35. g4 Qf3+ 36. Kh4 Rxc6 37. Ra7 Rc3 38. Re7 h6 39. Raa7 Qh3#
{White checkmated} 0-1

[Event "Team 45 45 League T34"]
[Site "Internet Chess Club"]
[Date "2007.07.28"]
[Round "2"]
[White "Cantemir"]
[Black "fredd"]
[Result "1-0"]
[WhiteElo "1558"]
[BlackElo "1500"]
[Opening "Réti opening"]
[ECO "A04"]
[Time "20:57:58"]
[TimeControl "2700+45"]

1. Nf3 g6 2. d4 Bg7 3. Bf4 Nf6 4. h3 O-O 5. e3 b6 6. Bc4 d5 7. Bb3 Ba6 8. Nbd2
c5 9. c4 e6 10. O-O Nc6 11. Re1 Na5 12. cxd5 exd5 13. Bc2 Nc6 14. Nf1 Nb4 15.
Bb3 Nd3 16. Ng3 Nxe1 17. Qxe1 Re8 18. Rc1 Rc8 19. Qd2 c4 20. Bc2 b5 21. Re1 Bb7
22. e4 dxe4 23. Ne5 Nd5 24. Bh6 Bxe5 25. dxe5 Rxe5 26. Bxe4 Qf6 27. f4 Re7 28.
f5 c3 29. bxc3 Qxc3 30. Qf2 a6 31. Rc1 Qxc1+ 32. Bxc1 Rxc1+ 33. Kh2 Nf6 34. Bxb7
Rxb7 35. fxg6 Nd5 36. gxh7+ Kh8 37. Qd4+ Kxh7 38. Qxd5 Rbc7 39. Qh5+ Kg8 40. Ne4
Rf1 41. Qe5 Rcc1 42. Nf6+ Kf8 43. Nh7+ Kg8 44. Ng5 Rc2 45. Qd5 Rff2 46. Qa8+ Kg7
47. a3 Kg6 48. Qg8+ Kf6 49. Ne4+ Ke6 50. Qg4+ f5 51. Qg6+ Kd5 52. Nxf2 Rxf2 53.
Qxa6 Kc4 54. a4 f4 55. Qxb5+ Kc3 56. Qc5+ Kb3 57. Qxf2 Kb4 58. Qxf4+ Ka5 59. h4
{Black resigns} 1-0

[Event "Team 45 45 League T34"]
[Site "Internet Chess Club"]
[Date "2007.07.27"]
[Round "2"]
[White "AtomicDog"]
[Black "Russellovich"]
[Result "1/2-1/2"]
[WhiteElo "1385"]
[BlackElo "1559"]
[Opening "Ruy Lopez: Schliemann defense"]
[ECO "C63"]
[Time "13:05:30"]
[TimeControl "2700+45"]

1. e4 e5 2. Nf3 Nc6 3. Bb5 f5 4. Qe2 d6 5. d4 Bd7 6. c3 fxe4 7. Qxe4 Nf6 8. Qe2
Qe7 9. O-O e4 10. Ng5 h6 11. d5 Bg4 12. Qc4 Bd7 13. dxc6 bxc6 14. Bxc6 hxg5 15.
Bxa8 Qe5 16. Re1 Qxh2+ 17. Kf1 Qh1+ 18. Ke2 Qxg2 19. Be3 Bg4+ 20. Kd2 d5 21.
Bc6+ Kf7 22. Bxd5+ Nxd5 23. Qxd5+ Be6 24. Qe5 Be7 25. Qxc7 Rd8+ 26. Kc2 Rd7 27.
Qg3 Qf3 28. Qxf3+ exf3 29. Nd2 Bf5+ 30. Kb3 Rb7+ 31. Kc4 Rxb2 32. Nxf3 Be6+ 33.
Kd4 Bf6+ 34. Ne5+ Ke7 35. Ke4 Rb5 36. Nc6+ Kd7 37. Nxa7 Bf5+ 38. Kf3 g4+ 39. Kg3
Ra5 40. Rad1+ Kc7 41. Bf4+ Kb7 42. Nc6 Kxc6 43. Rd6+ Kb7 44. Rc1 Rxa2 45. c4 Be7
46. Rd5 Bc8 47. Rb1+ Kc6 48. Rdb5 Ra3+ 49. Kg2 Rc3 50. Rb6+ Kc5 51. R1b5+ Kxc4
52. Rc6+ Kxb5 53. Rxc3 Bb7+ 54. Kg3 Bf3 55. Re3 Bf6 56. Be5 Bg5 57. Bf4 Bf6 58.
Be5 Bg5 {Game drawn by mutual agreement} 1/2-1/2

[Event "Team 45 45 League T34"]
[Site "Internet Chess Club"]
[Date "2007.07.26"]
[Round "2"]
[White "EdTheKing"]
[Black "spacecadet"]
[Result "0-1"]
[WhiteElo "2039"]
[BlackElo "2068"]
[Opening "Sicilian: dragon, Yugoslav attack, 10.O-O-O"]
[ECO "B78"]
[Time "13:04:29"]
[TimeControl "2700+45"]

1. e4 c5 2. Nf3 d6 3. d4 cxd4 4. Nxd4 Nf6 5. Nc3 g6 6. Be3 Bg7 7. f3 O-O 8. Qd2
Nc6 9. Bc4 Bd7 10. O-O-O Rc8 11. Bb3 Ne5 12. Rdg1 Nc4 13. Bxc4 Rxc4 14. g4 e6
15. h4 h5 16. gxh5 Nxh5 17. Rg5 Qf6 18. Nce2 Rfc8 19. c3 Bh6 20. Rg2 Bxe3 21.
Qxe3 e5 22. Nb3 Nf4 23. Rgg1 Bb5 24. Nxf4 exf4 25. Qd2 Rxc3+ 26. bxc3 Rxc3+ 27.
Kb1 Bd3+ 28. Kb2 Rc2+ 29. Ka3 Qb2+ 30. Kb4 a5+ {White resigns} 0-1

[Event "Team 45 45 League T34"]
[Site "Internet Chess Club"]
[Date "2007.07.31"]
[Round "2"]
[White "Shadowknife7"]
[Black "Bombo"]
[Result "1-0"]
[WhiteElo "1907"]
[BlackElo "1790"]
[Opening "Réti opening"]
[ECO "A05"]
[Time "20:48:15"]
[TimeControl "2700+45"]

1. Nf3 Nf6 2. g3 d5 3. Bg2 c5 4. O-O b6 5. d4 e6 6. c3 Be7 7. Ne5 Bb7 8. Bf4
Nbd7 9. Nd2 O-O 10. Nxd7 Nxd7 11. Nf3 Rc8 12. Rc1 h6 13. Re1 cxd4 14. cxd4 Rxc1
15. Qxc1 Qc8 16. Qd2 Qa8 17. a3 Rc8 18. h4 Rc4 19. Qd3 Qc8 20. Kh2 Ba6 21. Qe3
Rc2 22. Qb3 Bxe2 23. Nd2 Ba6 24. Bxd5 g5 25. Bxe6 gxf4 26. Bxf7+ Kg7 27. Rxe7
fxg3+ 28. Qxg3+ Kf8 29. Re8+ Kxf7 30. Rxc8 Rxc8 31. Qb3+ Kg7 32. Qa4 Nb8 33. Ne4
Rf8 34. Qb4 Bb7 35. Qe7+ Rf7 36. Qe5+ Kg6 37. h5+ Kh7 38. Nf6+ Kg7 39. Nd7+ Kh7
40. Nxb8 Rxf2+ 41. Kg3 Rf7 42. Qe6 Rf3+ 43. Kg4 Rf8 44. Qg6+ Kh8 45. Qxh6+ Kg8
46. Qe6+ Kh8 47. Qe5+ Kg8 48. h6 Bc8+ 49. Kh4 Rf7 50. Qe8+ Rf8 51. Qg6+ {Black
resigns} 1-0

[Event "Team 45 45 League T34"]
[Site "Internet Chess Club"]
[Date "2007.07.31"]
[Round "2"]
[White "chsrules88"]
[Black "Ozgur-Bjk"]
[Result "1/2-1/2"]
[WhiteElo "2091"]
[BlackElo "2169"]
[Opening "Sicilian"]
[ECO "B50"]
[Time "13:55:55"]
[TimeControl "2700+45"]

1. e4 c5 2. Nf3 d6 3. Bd3 Nf6 4. O-O Nc6 5. c3 Bg4 6. Bc2 Qd7 7. Re1 e6 8. h3
Bh5 9. d3 Be7 10. Bg5 O-O 11. Nbd2 h6 12. Bxf6 Bxf6 13. Ba4 Qc7 14. Bxc6 bxc6
15. Nf1 Rfb8 16. Rb1 Rb7 17. Ng3 Bxf3 18. gxf3 Rab8 19. Qc2 Qa5 20. Nh5 Qxa2 21.
Nxf6+ gxf6 22. Re2 Kh7 23. Qc1 Rg8+ 24. Kh2 Qa5 25. f4 Rbb8 26. c4 Rg7 27. Ra1
Qb6 28. Qc3 e5 29. f5 Rbg8 30. b3 Qb8 31. Rea2 Rg2+ 32. Kh1 R8g5 33. Qc2 Qg8 34.
Qd1 Rg7 {Game drawn by mutual agreement} 1/2-1/2

[Event "Team 45 45 League T34"]
[Site "Internet Chess Club"]
[Date "2007.07.30"]
[Round "2"]
[White "Extremophile"]
[Black "aksuw"]
[Result "1-0"]
[WhiteElo "2205"]
[BlackElo "2025"]
[Opening "Pirc: bayonet (Mariotti) attack"]
[ECO "B07"]
[Time "12:59:10"]
[TimeControl "2700+45"]

1. e4 d6 2. d4 Nf6 3. Nc3 g6 4. h4 Bg7 5. Be2 c5 6. d5 O-O 7. h5 b5 8. hxg6 hxg6
9. f3 b4 10. Nb1 Na6 11. Bg5 Nc7 12. Qc1 Re8 13. c4 bxc3 14. bxc3 e6 15. c4 Rb8
16. Nc3 Ba6 17. Kf1 Qe7 18. Nh3 Qf8 19. Nf4 Nh7 20. Nh3 exd5 21. exd5 Rxe2 22.
Nxe2 Bxc4 23. Qxc4 Bxa1 24. Kf2 Rb4 25. Qc1 Bg7 26. Bd2 Nxd5 27. Bxb4 Nxb4 28.
Rd1 Qe7 29. Nhf4 Be5 30. Kg1 Nf6 31. a3 Nc6 32. Nd3 Nd4 33. Nc3 Bg3 34. Qg5 Nf5
35. Ne4 Nxe4 36. Qxe7 Nxe7 37. fxe4 Nc6 38. Nb2 Nd4 39. Nc4 Ne2+ 40. Kf1 Nc3 41.
Rd3 Nxe4 42. Ke2 d5 43. Kf3 Nf6 44. Ne3 c4 45. Nxc4 dxc4 46. Rd8+ Kg7 47. Kxg3
c3 48. Kf3 c2 49. Rc8 Nd5 50. Ke4 Nf6+ 51. Kd4 Ng4 52. Rxc2 g5 53. a4 Kg6 54. a5
Kf5 55. Rc7 Ne5 56. Kd5 f6 57. Rxa7 Ng4 58. Kd4 Kf4 59. Re7 Kg3 60. a6 Kxg2 61.
a7 {Black resigns} 1-0

[Event "Team 45 45 League T34"]
[Site "Internet Chess Club"]
[Date "2007.07.26"]
[Round "2"]
[White "Queen"]
[Black "rubo"]
[Result "1/2-1/2"]
[WhiteElo "1778"]
[BlackElo "1850"]
[Opening "Neo-Grünfeld, 6.O-O"]
[ECO "D77"]
[Time "10:13:13"]
[TimeControl "2700+45"]

1. Nf3 Nf6 2. d4 g6 3. g3 Bg7 4. Bg2 d5 5. O-O O-O 6. c4 e6 7. Nc3 c6 8. b3 Nbd7
9. Ba3 Re8 10. e3 Qa5 11. Bb2 b5 12. cxd5 Nxd5 13. Qc2 Bb7 14. a4 b4 15. Ne4 Qc7
16. Nc5 Nxc5 17. Qxc5 a5 18. Rfc1 Ra6 19. Rc2 Rc8 20. Rac1 Bf8 21. Qc4 Bd6 22.
Ng5 Rb6 23. Qe2 {Game drawn by mutual agreement} 1/2-1/2

[Event "Team 45 45 League T34"]
[Site "Internet Chess Club"]
[Date "2007.07.27"]
[Round "2"]
[White "ETwoEFour"]
[Black "Boromir"]
[Result "1/2-1/2"]
[WhiteElo "1997"]
[BlackElo "1935"]
[Opening "Caro-Kann: Steinitz variation"]
[ECO "B17"]
[Time "12:16:55"]
[TimeControl "2700+45"]

1. e4 c6 2. d4 d5 3. Nc3 dxe4 4. Nxe4 Nd7 5. Nf3 Ngf6 6. Nxf6+ Nxf6 7. c3 Bg4 8.
h3 Bh5 9. g4 Bg6 10. Ne5 e6 11. Bg2 Bd6 12. Bg5 Qc7 13. Qe2 Nd7 14. Nxg6 hxg6
15. h4 Bf4 16. Bxf4 Qxf4 17. Qf3 Qxf3 18. Bxf3 O-O-O 19. O-O-O Rh7 20. h5 gxh5
21. Rxh5 Rdh8 22. Rdh1 Rxh5 23. gxh5 Nf6 24. Kd2 Kd7 25. c4 Kd6 26. b4 b5 27.
Kd3 a6 28. a3 Rh6 29. Rc1 bxc4+ 30. Rxc4 Nd5 31. Ke2 g6 32. hxg6 Rxg6 33. Rc1
Rf6 34. Rc5 Rf5 35. Be4 Rh5 36. Bf3 Rf5 37. Bxd5 Rxd5 38. Rxd5+ Kxd5 39. Kd3 f6
40. f3 e5 41. dxe5 fxe5 42. a4 c5 43. bxc5 Kxc5 44. Ke4 Kd6 45. a5 Ke6 46. Ke3
Kd5 47. Kd3 Kd6 48. Ke4 {Game drawn by mutual agreement} 1/2-1/2

[Event "Team 45 45 League T34"]
[Site "Internet Chess Club"]
[Date "2007.07.31"]
[Round "2"]
[White "MrShaw"]
[Black "SidVicious"]
[Result "1-0"]
[WhiteElo "1860"]
[BlackElo "1931"]
[Opening "French defense"]
[ECO "C01"]
[Time "14:14:32"]
[TimeControl "2700+45"]

1. e4 e6 2. d4 b6 3. Nd2 Bb7 4. Bd3 c5 5. Ngf3 cxd4 6. Nxd4 Qh4 7. O-O f5 8.
N2f3 Qh5 9. exf5 exf5 10. Re1+ Be7 11. Nxf5 Kd8 12. Ne5 Qxd1 13. Rxd1 Bd5 14.
Bb5 Be6 15. Nxg7 Bf6 16. Nxe6+ Ke7 17. Nc7 Bxe5 18. Bg5+ Nf6 19. Re1 Kd6 20.
Nxa8 Nc6 21. Bxc6 dxc6 22. Rad1+ Ke6 23. f4 {Black resigns} 1-0